 Dungeon Crawl Stone Soup version 0.30-a0-879-ga8ba668304 (webtiles) character file.

Game seed: 7238660462182529695

102330 Ijustatesigmund the Thaumaturge (level 16, -9/125 HPs)
             Began as a Gnoll Fire Elementalist on Mar 10, 2023.
             Was the Champion of Cheibriados.
             Mangled by a two-headed ogre
             ... wielding a +0 giant club
              (22 damage)
             ... on level 15 of the Dungeon on Mar 13, 2023.
             The game lasted 01:19:41 (30399 turns).

Ijustatesigmund the Thaumaturge (GnFE)             Turns: 30399, Time: 01:19:41

Health: -9/125     AC:  0    Str: 23    XL:     16   Next: 33%
Magic:  32/32      EV: 44    Int: 35    God:    Cheibriados [******]
Gold:   2004       SH:  0    Dex: 30    Spells: 8/39 levels left

rFire   . . .      SeeInvis .    f - melded +4 morningstar (freeze)
rCold   . . .      Faith    .    H - melded +2 buckler
rNeg    . . .      Spirit   .    a - melded +0 troll leather armour
rPois   .          Reflect  .    g - melded +2 hat
rElec   .          Rampage  .    q - melded +2 cloak
rCorr   .                        (gloves currently unavailable)
Will    +....                    (boots currently unavailable)
Stlth   ++++++                   J - amulet of the acrobat
HPRegen 0.40/turn                z - melded +6 ring of intelligence
MPRegen 0.23/turn                e - melded +6 ring of strength

@: pig-form, acrobatic, very slow
A: fast, no casting, small, (fangs 1), strong nose, distributed training
a: Renounce Religion, Bend Time, Temporal Distortion, Slouch, Step From Time


You were on level 15 of the Dungeon.
You worshipped Cheibriados.
Cheibriados was exalted by your worship.
You were a filthy swine.
You visited 3 branches of the dungeon, and saw 22 of its levels.

You collected 2773 gold pieces.
You spent 769 gold pieces at shops.

Inventory:

Hand Weapons
 f - a +4 morningstar of freezing (melded)
 r - a +9 quarterstaff of venom
 N - a +1 demon whip of flaming
Missiles
 y - 2 curare-tipped darts (quivered)
Armour
 a - a +0 troll leather armour (melded)
 g - a +2 hat (melded)
 q - a +2 cloak (melded)
 v - a scarf of repulsion
 E - +0 acid dragon scales
 H - a +2 buckler (melded)
Jewellery
 e - a +6 ring of strength (melded)
 u - a ring of fire
 z - a +6 ring of intelligence (melded)
 J - an amulet of the acrobat (around neck)
 O - a +6 ring of dexterity
 P - an amulet of regeneration
 Q - an amulet of faith
 R - a +6 ring of intelligence
 S - a ring of protection from cold
 U - an amulet of guardian spirit
 V - a ring of wizardry
Wands
 c - a wand of digging (5)
 j - a wand of quicksilver (21)
 D - a wand of iceblast (14)
 I - a wand of charming (10)
 M - a wand of mindburst (9)
Scrolls
 h - 8 scrolls of teleportation
 k - a scroll of immolation
 o - a scroll of blinking
 s - 3 scrolls of enchant armour
 t - 4 scrolls of magic mapping
 x - 2 scrolls of amnesia
 A - 2 scrolls of fog
 G - a scroll of brand weapon
 K - 2 scrolls of poison
 L - 16 scrolls of identify
Potions
 b - 3 potions of magic
 d - 8 potions of curing
 i - 2 potions of lignification
 l - 8 potions of flight
 m - 6 potions of attraction
 n - 2 potions of invisibility
 p - 12 potions of ambrosia
 w - 4 potions of cancellation
 C - 4 potions of mutation
 F - 2 potions of brilliance
 T - a potion of heal wounds
Miscellaneous
 B - a phantom mirror
 W - a box of beasts


   Skills:
 + Level 11.2 Fighting
 + Level 11.2 Short Blades
 + Level 11.2 Long Blades
 + Level 11.2 Axes
 + Level 11.2 Maces & Flails
 + Level 11.2 Polearms
 + Level 11.2 Staves
 + Level 11.2 Ranged Weapons
 + Level 11.2 Throwing
 + Level 11.2 Armour
 + Level 12.1 Dodging
 + Level 11.9 Stealth
 + Level 11.2 Shields
 + Level 11.2 Unarmed Combat
 + Level 12.2 Spellcasting
 + Level 9.7 Conjurations
 + Level 9.4 Hexes
 + Level 9.4 Summonings
 + Level 9.4 Necromancy
 + Level 9.4 Translocations
 + Level 9.4 Transmutations
 + Level 10.9 Fire Magic
 + Level 9.4 Ice Magic
 + Level 9.4 Air Magic
 + Level 9.4 Earth Magic
 + Level 9.4 Poison Magic
 + Level 12.1 Invocations
 + Level 11.2 Evocations


You had 8 spell levels left.
You knew the following spells:

 Your Spells              Type           Power      Damage    Failure   Level
a - Foxfire               Conj/Fire      100%       2x1d9     1%          1
b - Scorch                Fire           100%       2d10      1%          2
c - Flame Wave            Conj/Fire      76%        2d17      1%          4
d - Stone Arrow           Conj/Erth      100%       3d13      1%          3
e - Passwall              Tmut/Erth      60%        N/A       1%          2
f - Mephitic Cloud        Conj/Pois/Air  73%        N/A       1%          3
g - Agony                 Necr           73%        N/A       1%          5
h - Statue Form           Tmut/Erth      48%        N/A       6%          6
i - Borgnjor's Vile Clut  Necr/Erth      36%        N/A       1%          5

Your spell library contained the following spells:

 Spells                   Type           Power      Damage    Failure   Level
 Freeze                   Ice            100%       1d10      1%          1
 Necrotise                Necr           100%       1d9       1%          1
 Sandblast                Erth           100%       2d20      1%          1
 Cigotuvi's Dreadful Rot  Necr/Pois/Air  100%       N/A       1%          2
 Poisonous Vapours        Pois/Air       100%       N/A       1%          2
 Static Discharge         Conj/Air       100%       2-7/arc   1%          2
 Frozen Ramparts          Ice            100%       1d16      1%          3
 Hailstorm                Conj/Ice       73%        3d15      1%          3
 Inner Flame              Hex/Fire       75%        N/A       1%          3
 Kindle Blastsparks       Fire/Tloc/Air  100%       2d18      1%          3
 Vampiric Draining        Necr           73%        2d11      1%          3
 Vhi's Electric Charge    Tloc/Air       100%       N/A       1%          3
 Petrify                  Tmut/Erth      73%        N/A       1%          4
 Summon Ice Beast         Ice/Summ       73%        N/A       1%          4
 Alistair's Intoxication  Tmut/Pois      48%        N/A       1%          5
 Arcjolt                  Conj/Air       36%        1d46      1%          5
 Lightning Bolt           Conj/Air       36%        1d54      1%          5
 Metabolic Englaciation   Hex/Ice        36%        N/A       1%          5
 Summon Mana Viper        Hex/Summ       73%        N/A       1%          5
 Eringya's Noxious Bog    Tmut/Pois      36%        N/A       6%          6
 Monstrous Menagerie      Summ           36%        N/A       34%         7
 Borgnjor's Revivificati  Necr           36%        N/A       95%         8
 Necromutation            Tmut/Necr      36%        N/A       95%         8
 Death's Door             Necr           36%        N/A       100%        9


Dungeon Overview and Level Annotations

Branches:
Dungeon (15/15)            Temple (0/1) D:5            Lair (5/5) D:9
  Swamp (0/4) Lair:2        Snake (0/4) Lair:2        Slime (0/5) Lair:4
    Orc (2/2) D:12            Elf (0/3) Orc:2        Vaults (0/5) D:13
 Depths: D:15

Altars:
Cheibriados
Elyvilon
Gozag
Hepliaklqana
Okawaru
Ru
Sif Muna
Vehumet
Wu Jian
Xom
Yredelemnul
Jiyva

Shops:
D:12 (   D:13 *   Orc:2 :([?

Portals:
Trove: D:15 (give 7 potions of haste)

Annotations:
D:15 Kirke


Innate Abilities, Weirdness & Mutations

You are a filthy swine.
You move quickly.
Your equipment is almost entirely melded.
You are incapable of wielding weapons or throwing items.
You cannot cast spells.
((You have very sharp teeth.))
Your uncanny sense of smell can sniff out nearby items.
Your experience applies equally to all skills.


Message History

You blow up the two-headed ogre!
Cheibriados thoroughly appreciates the change of pace.
You start resting.
A cyclops comes into view.
You can't do that in your present form.
You can't do that in your present form.
You can't do that in your present form.
You can't do that in your present form.
Aiming: Mindburst
Press: ? - help, Shift-Dir - straight line, f - cyclops
Aim: a cyclops, quivering large rocks (wandering, hasn't noticed you, chance to affect: 81%)
The cyclops shouts!
The cyclops's mind is blasted!!!
The cyclops throws a large rock.
The large rock hits you!!
Aiming: Mindburst
Press: ? - help, Shift-Dir - straight line, f/p - cyclops
Aim: a cyclops, quivering large rocks (severely wounded, chance to affect: 81%)
The cyclops's mind is blasted!!
You blow up the cyclops!
Cheibriados appreciates the change of pace.
Unknown command.
Aiming: Charm
Press: ? - help, Shift-Dir - straight line, f - two-headed ogre
Aim: a two-headed ogre, wielding two +0 giant clubs (chance to affect: 56%)
The two-headed ogre is charmed.
You see here 5 large rocks.
The two-headed ogre is no longer charmed.
The two-headed ogre completely misses you.
The two-headed ogre hits you with a +0 giant club!!
You hear a trumpeting!
You hit the two-headed ogre.
The two-headed ogre is lightly wounded.
The two-headed ogre completely misses you.
The two-headed ogre hits you with a +0 giant club!
* * * LOW HITPOINT WARNING * * *
The two-headed ogre completely misses you. x2
The two-headed ogre hits you with a +0 giant club!!
* * * LOW HITPOINT WARNING * * *
The two-headed ogre hits you with a +0 giant club!!
You die...

#..#@...#..##.................[
#..#....#..##........<##...####
##..#....#..##.###.##.###...#...
#...#.#.##..[..#....^..(........
#..##.#.##.#####.#.##....P.#....
#.......##.....Y.#.....PP~.#....
##.##.### ## #..#.PPP~~~~P##.##
#.##.# #.O#.~~~♣♣♣~~##.#
###.##.# ######h..~P~♣♣ ♣♣~P#.#
#.....$## #....#(.#P~P♣ ♣~~P..#
#.......# #........P~~♣ ♣~~P#.#
#....[..# #.........~~♣ ♣~~P~#.#
#.^.....# #).........P~P~P~P #.#
#.......# #....#.####P.~..## #.#
#.......# #....#...


.PPP. #.# #.......# ########## ..# #.## #.####.## #... You could see a dire
elephant and a two-headed ogre.

Vanquished Creatures
  Jorgrun (D:15)
  Nessos (D:15)
  The ghost of Xoetwiuf the Cleaver, a journeyman DgDe (D:14)
  2 hydras
  3 vault guards (D:13)
  5 centaur warriors
  9 two-headed ogres
  A boulder beetle (D:14)
  8 death yaks
  An orc high priest (Orc:2)
  3 skysharks
  A deep elf knight (D:13)
  Amaemon (Lair:3)
  6 skeletal warriors
  A goliath frog (Lair:5)
  2 bog bodies (Lair:2)
  A lindwurm (Lair:5)
  2 wizards (D:13)
  9 orc knights
  Pikel (D:5)
  7 orc sorcerers
  The ghost of frocskos the Destroyer, a novice DrCj (D:5)
  10 ugly things
  4 manticores
  6 cyclopes
  An oklob plant (Lair:4)
  A wolf spider (D:14)
  9 elephants
  Joseph (D:10)
  2 torpor snails
  4 black mambas
  3 gargoyles
  An unseen horror (D:11)
  24 cane toads
  An orange demon (Lair:3)
  3 rime drakes
  8 komodo dragons
  A yaktaur (D:13)
  A freezing wraith (D:14)
  3 meliai
  A queen bee (Lair:4)
  A meliai (shapeshifter) (D:14)
  6 polar bears
  11 trolls
  3 tyrant leeches (Lair:5)
  20 blink frogs
  Grinder (D:6)
  5 dream sheep (Lair:5)
  6 saltlings (Orc:2)
  4 vampires
  57 yaks
  2 wraiths
  Grum (D:8)
  3 hogs (D:15)
  6 wyverns
  A steam dragon (D:7)
  8 basilisks
  10 vampire mosquitoes
  A human (D:13)
  Menkaure (D:6)
  2 acid dragons
  5 wargs
  2 nagas (Lair:2)
  3 swamp worms (Lair:2)
  19 water moccasins
  11 orc warriors
  3 ice beasts
  3 black bears
  3 ogres
  10 wolves
  8 centaurs
  2 phantoms (D:5)
  A lemure (D:5)
  A gnoll sergeant (D:11)
  3 kobold brigands
  24 bullfrogs
  5 wights
  20 killer bees
  3 howler monkeys
  An electric eel (Lair:2)
  2 bullfrog zombies
  A centaur zombie (D:5)
  A jelly (D:5)
  Crazy Yiuf (D:3)
  2 gnoll boudas (D:8)
  A centaur skeleton (D:5)
  12 orc priests
  2 hounds
  4 iguanas
  A sleepcap (D:7)
  Ijyb (D:4)
  Terence (D:3)
  28 orc wizards
  7 hell rats (Lair:5)
  A killer bee zombie (D:6)
  15 gnolls
  6 adders
  2 shadow imps
  A white imp (D:7)
  2 ufetubi
  2 worms
  2 dart slugs
  63 orcs
  2 ball pythons
  6 endoplasms
  6 goblins
  4 hobgoblins
  10 jackals
  2 quokkas
  9 bats
  15 kobolds
  4 rats
  A pillar of salt (Orc:2)
644 creatures vanquished.

Vanquished Creatures (others)
  An unseen horror (D:12)
  2 bushes (Lair:5)
  A butterfly (D:12)
  603 foxfires
  44 fungi
  5 pillars of salt (Orc:2)
  131 plants
787 creatures vanquished.

Grand Total: 1431 creatures vanquished

Notes
Turn   | Place    | Note
-------+----------+-------------------------------------------
     0 | D:1      | Ijustatesigmund the Gnoll Fire Elementalist began the quest
                  | for the Orb.
     0 | D:1      | Reached XP level 1. HP: 13/13 MP: 6/6
   166 | D:1      | Reached XP level 2. HP: 19/19 MP: 2/7
   396 | D:1      | Reached skill level 5 in Spellcasting
   396 | D:1      | Reached XP level 3. HP: 6/25 MP: 3/9
   399 | D:1      | Learned a level 2 spell: Scorch
   588 | D:1      | Reached skill level 1 in Invocations
  1169 | D:2      | Reached skill level 1 in Fighting
  1169 | D:2      | Reached skill level 1 in Short Blades
  1169 | D:2      | Reached skill level 1 in Long Blades
  1169 | D:2      | Reached skill level 1 in Axes
  1169 | D:2      | Reached skill level 1 in Maces & Flails
  1169 | D:2      | Reached skill level 1 in Polearms
  1169 | D:2      | Reached skill level 1 in Staves
  1169 | D:2      | Reached skill level 1 in Ranged Weapons
  1169 | D:2      | Reached skill level 1 in Throwing
  1169 | D:2      | Reached skill level 1 in Armour
  1169 | D:2      | Reached skill level 1 in Shields
  1169 | D:2      | Reached skill level 1 in Unarmed Combat
  1169 | D:2      | Reached skill level 1 in Evocations
  1818 | D:3      | Found a shimmering blue altar of Sif Muna.
  1893 | D:3      | Noticed Terence
  1901 | D:3      | Killed Terence
  1902 | D:3      | Reached skill level 1 in Hexes
  1902 | D:3      | Reached skill level 1 in Summonings
  1902 | D:3      | Reached skill level 1 in Necromancy
  1902 | D:3      | Reached skill level 1 in Translocations
  1902 | D:3      | Reached skill level 1 in Transmutations
  1902 | D:3      | Reached skill level 1 in Ice Magic
  1902 | D:3      | Reached skill level 1 in Air Magic
  1902 | D:3      | Reached skill level 1 in Earth Magic
  1902 | D:3      | Reached skill level 1 in Poison Magic
  1902 | D:3      | Reached XP level 4. HP: 32/32 MP: 8/11
  2213 | D:3      | Found a faded altar of an unknown god.
  2234 | D:3      | Found a runed translucent door.
  2235 | D:3      | Noticed Crazy Yiuf
  2246 | D:3      | Killed Crazy Yiuf
  2247 | D:3      | Reached XP level 5. HP: 37/37 MP: 7/12
  2329 | D:3      | Found a hazy altar of Hepliaklqana.
  2627 | D:4      | Found a shimmering altar of Xom.
  2790 | D:4      | Noticed Ijyb
  2819 | D:4      | Killed Ijyb
  3407 | D:5      | Entered Level 5 of the Dungeon
  3411 | D:5      | Noticed a yak
  3412 | D:5      | Noticed a yak
  3415 | D:5      | Noticed a phantom
  3415 | D:5      | Noticed a black bear
  3423 | D:5      | Noticed a yak
  3426 | D:5      | Noticed a yak
  3429 | D:5      | Killed a yak
  3429 | D:5      | Noticed a yak
  3430 | D:5      | Reached skill level 5 in Dodging
  3430 | D:5      | Reached XP level 6. HP: 19/44 MP: 4/14
  3434 | D:5      | Noticed a yak
  3436 | D:5      | Killed a black bear
  3455 | D:5      | Killed a yak
  3455 | D:5      | Killed a yak
  3456 | D:5      | Reached skill level 5 in Stealth
  3456 | D:5      | Reached XP level 7. HP: 21/51 MP: 5/15
  3460 | D:5      | Found a sacrificial altar of Ru.
  3465 | D:5      | Killed a yak
  3467 | D:5      | Reached XP level 8. HP: 26/58 MP: 6/16
  3579 | D:5      | Learned a level 4 spell: Flame Wave
  4106 | D:6      | Found an opulent altar of Gozag.
  4174 | D:6      | Noticed Menkaure
  4186 | D:6      | Killed Menkaure
  4408 | D:6      | Found a basalt altar of Yredelemnul.
  4682 | D:6      | Noticed Grinder
  4691 | D:6      | Killed Grinder
  4692 | D:6      | Reached XP level 9. HP: 59/65 MP: 12/18
  5414 | D:5      | Noticed Pikel
  5428 | D:5      | Found an ornate altar of the Wu Jian Council.
  5428 | D:5      | Found a snail-covered altar of Cheibriados.
  5445 | D:5      | Killed Pikel
  5629 | D:5      | Became a worshipper of Cheibriados the Contemplative
  5705 | D:5      | Reached skill level 5 in Invocations
  5953 | D:5      | Found a runed translucent gate.
  5953 | D:5      | Found a runed translucent gate.
  6236 | D:5      | Found a staircase to the Ecumenical Temple.
  6268 | D:5      | Found a runed translucent gate.
  6271 | D:5      | Noticed frocskos's ghost (novice DrCj)
  6886 | D:7      | Reached * piety under Cheibriados
  6887 | D:7      | Reached skill level 5 in Fighting
  6887 | D:7      | Reached skill level 5 in Short Blades
  6887 | D:7      | Reached skill level 5 in Long Blades
  6887 | D:7      | Reached skill level 5 in Axes
  6887 | D:7      | Reached skill level 5 in Maces & Flails
  6887 | D:7      | Reached skill level 5 in Polearms
  6887 | D:7      | Reached skill level 5 in Staves
  6887 | D:7      | Reached skill level 5 in Ranged Weapons
  6887 | D:7      | Reached skill level 5 in Throwing
  6887 | D:7      | Reached skill level 5 in Armour
  6887 | D:7      | Reached skill level 5 in Shields
  6887 | D:7      | Reached skill level 5 in Unarmed Combat
  6887 | D:7      | Reached skill level 5 in Evocations
  6887 | D:7      | Reached XP level 10. HP: 17/74 MP: 11/20
  7876 | D:8      | Noticed Grum
  7880 | D:8      | Reached skill level 5 in Conjurations
  7883 | D:8      | Killed Grum
  8077 | D:8      | Reached ** piety under Cheibriados
  8357 | D:8      | Reached skill level 5 in Hexes
  8357 | D:8      | Reached skill level 5 in Summonings
  8357 | D:8      | Reached skill level 5 in Necromancy
  8357 | D:8      | Reached skill level 5 in Translocations
  8357 | D:8      | Reached skill level 5 in Transmutations
  8357 | D:8      | Reached skill level 5 in Ice Magic
  8357 | D:8      | Reached skill level 5 in Air Magic
  8357 | D:8      | Reached skill level 5 in Earth Magic
  8357 | D:8      | Reached skill level 5 in Poison Magic
  8357 | D:8      | Reached XP level 11. HP: 83/83 MP: 21/23
  8633 | D:9      | Found a staircase to the Lair.
  8795 | D:9      | Noticed a two-headed ogre
  8882 | D:9      | Killed a two-headed ogre
  8961 | D:9      | Found a white marble altar of Elyvilon.
  9076 | D:9      | Noticed a cyclops
  9087 | D:9      | Killed a cyclops
  9153 | D:9      | Reached *** piety under Cheibriados
  9164 | D:9      | Noticed a two-headed ogre
  9181 | D:9      | Killed a two-headed ogre
  9182 | D:9      | Reached XP level 12. HP: 63/91 MP: 0/24
  9640 | Lair:1   | Entered Level 1 of the Lair of Beasts
  9744 | D:9      | Found an iron altar of Okawaru.
  9844 | D:10     | Entered Level 10 of the Dungeon
  9854 | D:10     | Noticed Joseph
  9871 | D:10     | Killed Joseph
 10161 | D:10     | Reached **** piety under Cheibriados
 12522 | D:12     | Noticed a two-headed ogre
 12531 | D:12     | Killed a two-headed ogre
 12696 | D:12     | Found Buos's Weapon Boutique.
 12708 | D:12     | Noticed a two-headed ogre
 12720 | D:12     | Killed a two-headed ogre
 13002 | D:12     | Found a white marble altar of Elyvilon.
 13097 | D:12     | Found a staircase to the Orcish Mines.
 13275 | D:13     | Noticed a two-headed ogre
 13289 | D:12     | Killed a two-headed ogre
 13468 | D:13     | Learned a level 3 spell: Stone Arrow
 13528 | D:13     | Learned a level 2 spell: Passwall
 13539 | D:13     | Noticed a centaur warrior
 13544 | D:13     | Killed a centaur warrior
 13545 | D:13     | Reached XP level 13. HP: 60/98 MP: 17/26
 13673 | D:13     | Reached ***** piety under Cheibriados
 14107 | D:13     | Noticed a vault guard
 14349 | D:13     | Found Dyrr's Gadget Gallery.
 14532 | D:13     | Noticed a vault guard
 14942 | D:13     | Reached skill level 10 in Spellcasting
 15117 | D:13     | Noticed a vault guard
 15139 | D:13     | Killed a vault guard
 15144 | D:13     | Killed a vault guard
 15275 | D:13     | Found a gate to the Vaults.
 15298 | D:13     | Killed a vault guard
 15664 | Lair:1   | Reached skill level 10 in Dodging
 15993 | Lair:1   | Reached skill level 10 in Stealth
 16208 | Lair:1   | You fall into a shaft and drop 1 floor!
 16225 | Lair:2   | Found a staircase to the Snake Pit.
 17105 | Lair:2   | Reached skill level 10 in Invocations
 17379 | Lair:2   | Reached XP level 14. HP: 86/108 MP: 24/28
 17787 | Lair:2   | Learned a level 3 spell: Mephitic Cloud
 18453 | Lair:2   | Found a staircase to the Swamp.
 18705 | Lair:3   | Reached ****** piety under Cheibriados
 18838 | Lair:3   | Noticed Amaemon
 18857 | Lair:3   | Killed Amaemon
 20844 | Lair:4   | Reached skill level 10 in Fire Magic
 21033 | Lair:4   | Identified the +1 rapier "Teshra" {freeze, rPois rF+}
 21084 | Lair:4   | Reached skill level 10 in Fighting
 21084 | Lair:4   | Reached skill level 10 in Short Blades
 21084 | Lair:4   | Reached skill level 10 in Long Blades
 21084 | Lair:4   | Reached skill level 10 in Axes
 21084 | Lair:4   | Reached skill level 10 in Maces & Flails
 21084 | Lair:4   | Reached skill level 10 in Polearms
 21084 | Lair:4   | Reached skill level 10 in Staves
 21084 | Lair:4   | Reached skill level 10 in Ranged Weapons
 21084 | Lair:4   | Reached skill level 10 in Throwing
 21084 | Lair:4   | Reached skill level 10 in Armour
 21084 | Lair:4   | Reached skill level 10 in Shields
 21084 | Lair:4   | Reached skill level 10 in Unarmed Combat
 21084 | Lair:4   | Reached skill level 10 in Evocations
 21627 | Lair:4   | Found a viscous altar of Jiyva.
 21627 | Lair:4   | Found a staircase to the Slime Pits.
 21826 | Lair:5   | Entered Level 5 of the Lair of Beasts
 22130 | Lair:5   | Reached XP level 15. HP: 64/115 MP: 26/30
 22454 | Lair:5   | Found a radiant altar of Vehumet.
 22615 | Lair:5   | Learned a level 5 spell: Agony
 24468 | Lair:5   | Upgraded the game from 0.30-a0-867-g305f33218d to
                  | 0.30-a0-879-ga8ba668304
 24677 | Orc:1    | Entered Level 1 of the Orcish Mines
 25108 | Orc:2    | Entered Level 2 of the Orcish Mines
 25108 | Orc:2    | Found a staircase to the Elven Halls.
 26952 | Orc:2    | Found Elit's Magic Scroll Emporium.
 26958 | Orc:2    | Bought a scroll of teleportation for 33 gold pieces
 26958 | Orc:2    | Bought a scroll of blinking for 82 gold pieces
 26958 | Orc:2    | Bought a scroll of fog for 44 gold pieces
 26958 | Orc:2    | Bought a scroll of teleportation for 33 gold pieces
 26958 | Orc:2    | Bought a scroll of identify for 22 gold pieces
 26999 | Orc:2    | Found Viadeyq's Weapon Boutique.
 27009 | Orc:2    | Found Hicuten's Antique Armour Boutique.
 27164 | Orc:2    | Bought a runed buckler for 195 gold pieces
 27428 | Orc:2    | Found Sinushots's Book Shop.
 27516 | Orc:2    | Bought a book of Sloth for 360 gold pieces
 27524 | Orc:2    | Learned a level 6 spell: Statue Form
 27988 | D:5      | Killed frocskos's ghost
 28500 | D:14     | Learned a level 5 spell: Borgnjor's Vile Clutch
 28564 | D:14     | Reached XP level 16. HP: 106/124 MP: 17/32
 28696 | D:14     | Identified the +0 ring mail of Impressiveness {rPois}
 29126 | D:14     | Found a large runed translucent door.
 29127 | D:14     | Found a large runed translucent door.
 29130 | D:14     | Noticed Xoetwiuf's ghost (journeyman DgDe)
 29161 | D:14     | Killed Xoetwiuf's ghost
 29431 | D:15     | Entered Level 15 of the Dungeon
 29720 | D:15     | Noticed Jorgrun
 29727 | D:15     | Killed Jorgrun
 29773 | D:15     | Found a portal to a secret trove of treasure.
 30143 | D:15     | Noticed Kirke
 30146 | D:15     | Noticed Nessos
 30153 | D:15     | Killed Nessos
 30399 | D:15     | Mangled by a two-headed ogre

Illustrated notes

Levels and vault maps discovered:
D:1:      pf_arrival_petrified_forest, layout_basic, minmay_fountain_box
D:2:      layout_basic, nrook_mini_vaults
D:3:      layout_rooms, nzn_hepliaklqana_mist_gate,
          mainiacjoe_overflow_cross_hatched, dilly_ecumenical_altar_fadedgnrine,
          uniq_terence, uniq_crazy_yiuf_cottage
D:4:      layout_basic, xom_teletrap_fun, uniq_ijyb
D:5:      layout_cave_pools, nicolae_ru_great_annihilating_truth,
          nicolae_overflow_two_pavilions, minmay_temple_entry_junction,
          gammafunk_ghost_necromancy, serial_bayou_pond_e, dk_vineyard_2,
          chequers_avenue, uniq_pikel
D:6:      layout_cave_pods, lemuel_zombie_altar_yredelemnul,
          mainiacjoe_overflow_small_starburst, kennysheep_crisscross,
          minmay_misc_feat_iff, chequers_serial_rivers_marsh, uniq_grinder,
          uniq_menkaure
D:7:      layout_gridville, small_statue_intersection, minmay_bent
D:8:      layout_cave_pools, uniq_grum
D:9:      layout_cave_pools, kennysheep_mini, mainiacjoe_overflow_tiny_flanked,
          erik_lair_orcish_takeover
D:10:     layout_layer_cave, uniq_joseph
D:11:     layout_stronghold
D:12:     layout_roguey, orc_0_dummy, serial_shops, nicolae_take_the_stairs,
          nicolae_elyvilon_peaceful_grove
D:13:     layout_roguey, grunt_vaults_entry_fortified, minmay_tree_intersection,
          nicolae_shop_gadgets
D:14:     layout_long_grid, ebering_ghost_disaster_area,
          minmay_misc_feat_more_columns
D:15:     hangedman_depths_entry_try_elsewhere_first, layout_basic,
          serial_bayou_pond_c, nicolae_trove_entry_columns, uniq_kirke,
          uniq_nessos, uniq_jorgrun
Lair:1:   layout_cave_pods, serial_bayou_pond_c, cheibrodos_lair_lostbears
Lair:2:   layout_chaotic_city, nicolae_swamp_entry_splash_gauntlet,
          guppyfry_snake_entry_garden
Lair:3:   layout_chaotic_city, lemuel_fruit_tree, grunt_megastairs_5,
          uniq_amaemon
Lair:4:   layout_small_grid, dpeg_slime_entry_enclosed, special_room
          [special_room_bee]
Lair:5:   minmay_lair_end_frog_pond, layout_gridlike, basic_altar
Orc:1:    layout_caves
Orc:2:    hellmonk_orc_salted, layout_caves, hellmonk_bongcloud_opening,
          mines1_david

Skill      XL: |  1  2  3  4  5  6  7  8  9 10 11 12 13 14 15 16 |
---------------+-------------------------------------------------+-----
Conjurations   | 2 3 4 6 7 8 9 |  9.7
Spellcasting   | 5 6 7 8 9 10 11 12 | 12.2
Invocations    | 1 2 3 4 5 7 8 10 11 12 | 12.1
Fighting       | 1 2 3 4 5 6 7 8 9 10 11 | 11.2
Short Blades   | 1 2 3 4 5 6 7 8 9 10 11 | 11.2
Long Blades    | 1 2 3 4 5 6 7 8 9 10 11 | 11.2
Axes           | 1 2 3 4 5 6 7 8 9 10 11 | 11.2
Maces & Flails | 1 2 3 4 5 6 7 8 9 10 11 | 11.2
Polearms       | 1 2 3 4 5 6 7 8 9 10 11 | 11.2
Staves         | 1 2 3 4 5 6 7 8 9 10 11 | 11.2
Ranged Weapons | 1 2 3 4 5 6 7 8 9 10 11 | 11.2
Throwing       | 1 2 3 4 5 6 7 8 9 10 11 | 11.2
Armour         | 1 2 3 4 5 6 7 8 9 10 11 | 11.2
Shields        | 1 2 3 4 5 6 7 8 9 10 11 | 11.2
Unarmed Combat | 1 2 3 4 5 6 7 8 9 10 11 | 11.2
Evocations     | 1 2 3 4 5 6 7 8 9 10 11 | 11.2
Hexes          | 1 2 3 4 5 6 7 8 9 |  9.4
Summonings     | 1 2 3 4 5 6 7 8 9 |  9.4
Necromancy     | 1 2 3 4 5 6 7 8 9 |  9.4
Translocations | 1 2 3 4 5 6 7 8 9 |  9.4
Transmutations | 1 2 3 4 5 6 7 8 9 |  9.4
Ice Magic      | 1 2 3 4 5 6 7 8 9 |  9.4
Air Magic      | 1 2 3 4 5 6 7 8 9 |  9.4
Earth Magic    | 1 2 3 4 5 6 7 8 9 |  9.4
Poison Magic   | 1 2 3 4 5 6 7 8 9 |  9.4
Dodging        | 5 6 8 9 10 11 12 | 12.1
Stealth        | 5 6 7 8 9 10 11 | 11.9
Fire Magic     | 6 7 8 9 10 | 10.9

Action                     |  1- 3 |  4- 6 |  7- 9 | 10-12 | 13-15 | 16-18 || total
---------------------------+-------+-------+-------+-------+-------+-------++-------
  Melee: Falchion          |     1 |       |       |       |       |       ||     1
         Quarterstaff      |       |    20 |   107 |   184 |   689 |       ||  1000
         Bite              |       |     3 |    11 |    27 |   103 |    13 ||   157
         Morningstar       |       |       |       |       |    27 |    81 ||   108
         Unarmed           |       |       |       |       |       |     5 ||     5
  Throw: Dart              |     3 |     2 |     3 |     1 |     6 |     1 ||    16
   Cast: Foxfire           |    57 |    18 |    71 |    53 |   146 |       ||   345
         Scorch            |     6 |    10 |    29 |    39 |    58 |       ||   142
         Flame Wave        |       |       |     2 |    28 |    69 |     2 ||   101
         Stone Arrow       |       |       |       |     3 |    39 |       ||    42
         Mephitic Cloud    |       |       |       |       |    11 |     2 ||    13
         Agony             |       |       |       |       |    11 |     3 ||    14
         Borgnjor's Vile C |       |       |       |       |     2 |    11 ||    13
         Statue Form       |       |       |       |       |     2 |     2 ||     4
 Invoke: Bend Time         |       |       |       |       |     2 |       ||     2
         Temporal Distorti |       |       |       |       |     1 |       ||     1
         Slouch            |       |       |       |       |       |     1 ||     1
  Evoke: Wand              |       |     2 |       |       |     2 |     5 ||     9
    Use: Scroll            |     6 |     8 |       |    15 |    11 |     2 ||    42
         Potion            |       |     8 |     5 |     1 |     4 |     1 ||    19
   Stab: Sleeping          |       |     1 |     3 |     4 |    19 |     4 ||    31
         Distracted        |       |       |       |     1 |     5 |       ||     6
         Confused          |       |       |       |       |     5 |       ||     5
 Armour: Robe              |     1 |    23 |    91 |     1 |       |       ||   116
         Steam dragon scal |       |       |       |    11 |       |       ||    11
         Acid dragon scale |       |       |       |    69 |   190 |       ||   259
         Troll leather arm |       |       |       |       |     4 |    11 ||    15
         Skin              |       |       |       |       |       |     8 ||     8
  Dodge: Dodged            |     7 |    64 |   179 |   275 |  1101 |   108 ||  1734
  Block: Buckler           |       |       |       |       |    22 |    52 ||    74

Table legend: (Time is in decaauts)
 A = Elapsed time spent in this place.
 B = Non-inter-level travel time spent in this place.
 C = Inter-level travel time spent in this place.
 D = Time resting spent in this place.
 E = Time spent auto-exploring this place.
 F = Levels seen in this place.
 G = Mean time per level.
                   A        B        C        D        E       F      G
               +--------+--------+--------+--------+--------+-----+--------+
         Total |  39751 |  37573 |   2178 |   9041 |  22654 |  22 | 1806.9 |
       Dungeon |  22430 |  20835 |   1595 |   5257 |  12482 |  15 | 1495.3 |
          Lair |  12972 |  12549 |    423 |   2434 |   8126 |   5 | 2594.4 |
  Orcish Mines |   4349 |   4191 |    158 |   1350 |   2046 |   2 | 2174.5 |
               +--------+--------+--------+--------+--------+-----+--------+

Top non-repeatable levels by time:
  Lair:5: 3389 daAuts
   Orc:2: 2973 daAuts
  Lair:3: 2676 daAuts
    D:13: 2500 daAuts
  Lair:1: 2372 daAuts
    D:10: 2325 daAuts
  Lair:2: 2290 daAuts
  Lair:4: 2242 daAuts
     D:6: 1880 daAuts
    D:14: 1865 daAuts
     D:5: 1658 daAuts
    D:11: 1645 daAuts
    D:12: 1564 daAuts
     D:7: 1539 daAuts
     D:8: 1418 daAuts
